 Dungeon Crawl Stone Soup version 0.30-a0-949-g53dc5368d7 (console) character file.

Game seed: 6299684239777977736

300 utis the Firebug (level 6, -5/37 HPs)
             Began as a Tengu Wanderer on Mar 27, 2023.
             Slain by Sigmund
             ... wielding a +2 vampiric scythe
              (6 damage)
             ... on level 3 of the Dungeon.
             The game lasted 00:11:00 (3118 turns).

utis the Firebug (Tengu Wanderer)                   Turns: 3118, Time: 00:11:00

Health: -5/37      AC:  6    Str: 10    XL:     6   Next: 36%
Magic:  5/8        EV: 13    Int: 18    God:
Gold:   153        SH:  0    Dex: 15    Spells: 2/7 levels left

rFire   . . .      SeeInvis .    a - +5 mace {vamp, rC+ rN+ Int+3}
rCold   + . .      Faith    .    (no shield)
rNeg    + . .      Spirit   .    g - +0 ring mail
rPois   +          Reflect  .    (helmet restricted)
rElec   .          Rampage  .    (no cloak)
rCorr   .                        b - +0 pair of gloves
Will    .....                    (boots unavailable) Stlth
                                 (no amulet)
HPRegen 0.26/turn                P - ring of poison resistance
MPRegen 0.11/turn                (no ring)

@: confused, flying quickly and evasively, quick
A: beak, talons 3, nimble flight
a: no special abilities


You were on level 3 of the Dungeon.
You visited 1 branch of the dungeon, and saw 3 of its levels.

You collected 153 gold pieces.

Inventory:

Hand Weapons
 a - the +5 mace of Tistear (weapon) {vamp, rC+ rN+ Int+3}
   (You found it on level 2 of the Dungeon)

   Int:       It affects your intelligence (+3).
   rC:        It protects you from cold.
   rN:        It protects you from negative energy.
 o - a +0 quarterstaff
 p - a +0 dagger
 q - a +1 heavy spear
Missiles
 j - 39 stones
 s - 2 poisoned darts
Armour
 b - a +0 pair of gloves (worn)
 d - a +0 robe
 g - a +0 ring mail (worn)
Jewellery
 P - a ring of poison resistance (left hand)
Wands
 m - a wand of digging (1)
 t - a wand of polymorph (16)
Scrolls
 n - a scroll of vulnerability {unknown}
 u - a scroll of fog {unknown}
Potions
 c - a potion of attraction
 e - a potion of lignification
 f - a potion of resistance {unknown}
 h - a potion of heal wounds {unknown}
 i - a potion of curing {unknown}
 k - 3 potions of brilliance {unknown}
 l - a potion of invisibility {unknown}
 r - a potion of berserk rage {unknown}


   Skills:
 + Level 3.1 Fighting
 - Level 1.0 Throwing
 + Level 4.2 Dodging
 - Level 2.1 Unarmed Combat
 - Level 1.0 Spellcasting
 + Level 4.1 Conjurations
 - Level 5.0 Fire Magic


You had 2 spell levels left.
You knew the following spells:

 Your Spells              Type           Power      Damage    Failure   Level
X - Flame Wave            Conj/Fire      17%        2d7       63%         4
Y - Foxfire               Conj/Fire      68%        2x1d7     9%          1

Your spell library contained the following spells:

 Spells                   Type           Power      Damage    Failure   Level
 Inner Flame              Hex/Fire       9%         N/A       50%         3


Dungeon Overview and Level Annotations

Branches:
Dungeon (3/15)

Altars:
Elyvilon

Shops:
D:3 *

Annotations:
D:3 Sigmund


Innate Abilities, Weirdness & Mutations

You have a beak for a mouth.
You have claws for feet.
Your magical nature lets you fly swiftly and evasively.


Message History

The magic dart hits you!
* * * LOW HITPOINT WARNING * * *
The orc barely misses you. The orc hits you but does no damage. x2
Your magical contamination has completely faded away.
You miss something. Your kick misses something. Your peck misses something.
The orc hits you with a +0 short sword.
* * * LOW HITPOINT WARNING * * *
The orc hits you with a +0 flail.
* * * LOW HITPOINT WARNING * * *
Something barely misses you.
Unknown command.
The orc hits you with a +0 flail.
* * * LOW HITPOINT WARNING * * *
You hear some strange, mumbled words.
You are more confused.
The orc misses you.
You sock the orc!
You feel better.
You kill the orc!
The orc hits you with a +0 flail.
* * * LOW HITPOINT WARNING * * *
Something hits you.
* * * LOW HITPOINT WARNING * * *
You sock the orc!
You kill the orc!
The orc hits you but does no damage. Something hits you but does no damage.
Sigmund points at you and mumbles some strange words.
Sigmund barely misses you. The orc completely misses you.
You hit the orc.
You feel better.
Your peck misses the orc.
The orc is severely wounded.
The orc hits you with a +0 short sword.
* * * LOW HITPOINT WARNING * * *
The orc barely misses you.
Sigmund gestures wildly while chanting.
Sigmund flickers and vanishes!
You bump into the rock wall.
Something hits you.
* * * LOW HITPOINT WARNING * * *
The orc hits you with a +0 short sword.
* * * LOW HITPOINT WARNING * * *
The orc barely misses you. Something hits you.
You die...

░...▒▒..▒▒░
░░..
░░.░▒▒..░░░
░oo. ░..░░░░░░
░░░gg. ░.░░
░.g.gg ░░.░
░.░.gg ░..░
░░░░.░░.. ░.░░
░░.g..░░.. ░.░
░..░░░░░..
░░░░░Q░░░░ ░.░░
░.. ░...o{oo.░
░░.░ ░..
░....g){.░░░..░
░..
░.....)......░░
░░.
░.........░░░░
░. ░.........░
░. ░........░░
.. ░........░
░........░


You could see 3 orcs and a goblin.

Vanquished Creatures
  Jessica (D:2)
  Terence (D:2)
  Natasha (thrice) (D:2)
  Robin (D:2)
  3 adders
  4 gnolls (D:2)
  3 worms
  2 dart slugs (D:1)
  3 orcs
  6 bats
  6 endoplasms
  4 giant cockroaches
  12 goblins
  5 hobgoblins
  10 jackals
  3 kobolds (D:1)
  3 quokkas (D:1)
  4 ball pythons
  7 frilled lizards
  4 rats
85 creatures vanquished.

Vanquished Creatures (others)
  148 foxfires
148 creatures vanquished.

Grand Total: 233 creatures vanquished

Notes
Turn   | Place    | Note
-------+----------+-------------------------------------------
     0 | D:1      | utis the Tengu Wanderer began the quest for the Orb.
     0 | D:1      | utis set off with the following items: a +0 dagger, a +0
                  | pair of gloves, a potion of attraction, a +0 robe, a potion
                  | of lignification; and the following spell memorised:
                  | Foxfire; and the following spells available to memorise:
                  | Inner Flame, Flame Wave.
     0 | D:1      | Reached XP level 1. HP: 10/10 MP: 3/3
   189 | D:1      | Reached XP level 2. HP: 16/16 MP: 1/4
   285 | D:1      | Reached skill level 1 in Conjurations
   894 | D:1      | Reached skill level 1 in Fighting
   947 | D:1      | Reached XP level 3. HP: 20/20 MP: 1/5
  1660 | D:2      | Noticed Natasha
  1660 | D:2      | Found a white marble altar of Elyvilon.
  1758 | D:2      | Reached XP level 4. HP: 25/25 MP: 2/6
  1799 | D:2      | Learned a level 4 spell: Flame Wave
  1936 | D:2      | Killed Natasha
  1937 | D:2      | Reached skill level 5 in Fire Magic
  2027 | D:2      | Noticed Jessica
  2053 | D:2      | Killed Jessica
  2054 | D:2      | Gained mutation: Your magical nature lets you fly swiftly
                  | and evasively. [Tengu growth]
  2054 | D:2      | Reached XP level 5. HP: 30/30 MP: 2/7
  2133 | D:2      | Identified the +5 mace of Tistear {vamp, rC+ rN+ Int+3}
  2226 | D:2      | Noticed Terence
  2231 | D:2      | Noticed Natasha
  2239 | D:2      | Killed Natasha
  2430 | D:2      | Killed Terence
  2632 | D:2      | Noticed Natasha
  2643 | D:2      | Killed Natasha
  2644 | D:2      | Reached XP level 6. HP: 33/36 MP: 3/8
  2865 | D:3      | Found Amos's General Store.
  2978 | D:3      | Noticed Sigmund
  2993 | D:3      | Noticed Robin
  3084 | D:2      | Killed Robin
  3118 | D:3      | HP: 1/37 [orc/+0 short sword (3)]
  3118 | D:3      | Slain by Sigmund

Illustrated notes

Levels and vault maps discovered:
D:1:      lightli_arrival_statue_moat, layout_loops_corners
D:2:      layout_basic, basic_altar, uniq_terence, uniq_natasha, uniq_jessica
D:3:      layout_rooms, nicolae_ashenzari_skybound, tgw_trog, serial_shops,
          nicolae_shop_window_shopping,
          nicolae_shop_competitors_out_of_business, nicolae_lakefront_shop,
          shop, nicolae_square_shop, uniq_robin, uniq_sigmund, uniq_grinder

Skill      XL: |  1  2  3  4  5  6 |
---------------+-------------------+-----
Conjurations   | 1 2 3 4 |  4.1
Fighting       | 1 2 3 |  3.1
Dodging        | 3 4 |  4.2
Fire Magic     | 5 |  5.0
Throwing       | |  1.0
Unarmed Combat | |  2.1
Spellcasting   | |  1.0

Action                     |  1- 3 |  4- 6 || total
---------------------------+-------+-------++-------
  Melee: Dagger            |    56 |     3 ||    59
         Kick              |    16 |    11 ||    27
         Peck              |    12 |     6 ||    18
         Punch             |     1 |     1 ||     2
         Mace              |       |    55 ||    55
  Throw: Stone             |     1 |       ||     1
   Cast: Foxfire           |    36 |    55 ||    91
   Stab: Sleeping          |     3 |     2 ||     5
 Armour: Robe              |    14 |     5 ||    19
         Ring mail         |       |    27 ||    27
  Dodge: Dodged            |    27 |    75 ||   102

Table legend: (Time is in decaauts)
 A = Elapsed time spent in this place.
 B = Non-inter-level travel time spent in this place.
 C = Inter-level travel time spent in this place.
 D = Time resting spent in this place.
 E = Time spent auto-exploring this place.
 F = Levels seen in this place.
 G = Mean time per level.
                   A        B        C        D        E       F      G
               +--------+--------+--------+--------+--------+-----+--------+
         Total |   3084 |   2961 |    123 |    954 |   1294 |   3 | 1028.0 |
       Dungeon |   3084 |   2961 |    123 |    954 |   1294 |   3 | 1028.0 |
               +--------+--------+--------+--------+--------+-----+--------+

Top non-repeatable levels by time:
     D:1: 1694 daAuts
     D:2: 1170 daAuts
     D:3: 220 daAuts
